 Dungeon Crawl Stone Soup version 0.30.0-17-ge0270778cf (webtiles) character file.

Game seed: 10203293496149623363

1262 javelincjr the Firebug (level 8, -3/56 HPs)
             Began as a Demonspawn Fire Elementalist on May 20, 2023.
             Was an Initiate of Sif Muna.
             Slain by a troll (10 damage)
             ... on level 6 of the Dungeon on May 22, 2023.
             The game lasted 00:32:43 (7964 turns).

javelincjr the Firebug (DsFE)                       Turns: 7964, Time: 00:32:43

Health: -3/56      AC:  5    Str:  9    XL:     8   Next: 27%
Magic:  9/14       EV: 13    Int: 18    God:    Sif Muna [......]
Gold:   366        SH:  0    Dex: 14    Spells: 12/15 levels left

rFire   . . .        r - +2 dagger (speed)
rCold   + + .        (no shield)
rNeg    + . .        a - +0 robe
rPois   .            l - +0 helmet
rElec   .            s - scarf {rC+ rF+}
rCorr   .            (no gloves)
SInv    .            (no boots)
Will    .....        q - amulet of the acrobat
Stlth   +++          j - ring of positive energy
HPRegen 0.29/turn    v - ring of ice
MPRegen 0.14/turn

%: acrobat
@: very slightly contaminated
A: yellow scales 1, powered by pain 1, weakness stinger 2
a: Renounce Religion


You were on level 6 of the Dungeon.
You worshipped Sif Muna.
Sif Muna was noncommittal.
You visited 2 branches of the dungeon, and saw 7 of its levels.

You collected 366 gold pieces.

Inventory:

Hand Weapons
 d - a +1 spear of freezing
 r - a +2 dagger of speed (weapon)
Missiles
 h - 2 throwing nets
Armour
 a - a +0 robe (worn)
 l - a +0 helmet (worn)
 s - a scarf of resistance (worn)
 u - a +0 cloak
Jewellery
 j - a ring of positive energy (left hand)
 q - an amulet of the acrobat (around neck)
 t - the ring "Uretug" {rPois rC+ Will- rCorr Int+3}
   (You found it on level 5 of the Dungeon)

   [ring of poison resistance]

   Int:       It affects your intelligence (+3).
   rC:        It protects you from cold.
   rPois:     It protects you from poison.
   rCorr:     It protects you from acid and corrosion.
   Will:      It decreases your willpower.
 v - a ring of ice (right hand)
 y - a +6 ring of strength
Scrolls
 i - a scroll of identify
 m - a scroll of fear
 x - a scroll of magic mapping {unknown}
 A - a scroll of amnesia {unknown}
 B - 4 scrolls of enchant weapon
Potions
 b - a potion of magic
 c - a potion of invisibility
 e - 3 potions of heal wounds
 f - 3 potions of might {unknown}
 g - 2 potions of curing {unknown}
 k - a potion of cancellation {unknown}
 n - a potion of mutation {unknown}
 o - 3 potions of attraction {unknown}
 p - a potion of lignification {unknown}
 w - a potion of ambrosia {unknown}
 z - a potion of resistance {unknown}


   Skills:
 + Level 2.2 Fighting
 + Level 1.9 Short Blades
 + Level 4.0 Dodging
 + Level 4.4 Stealth
 + Level 4.3 Spellcasting
 + Level 4.1 Conjurations
 + Level 4.6 Fire Magic


You had 12 spell levels left.
You knew the following spells:

 Your Spells              Type           Power      Damage    Failure   Level
a - Foxfire               Conj/Fire      76%        2x1d7     2%          1
b - Scorch                Fire           40%        2d6       3%          2

Your spell library contained the following spells:

 Spells                   Type           Power      Damage    Failure   Level
 Apportation              Tloc           6%         N/A       14%         1
 Necrotise                Necr           12%        1d4       14%         1
 Inner Flame              Hex/Fire       12%        N/A       17%         3
 Volatile Blastmotes      Fire/Tloc      24%        2d12      17%         3
 Flame Wave               Conj/Fire      19%        2d7       24%         4
 Portal Projectile        Hex/Tloc       6%         N/A       41%         3
 Summon Guardian Golem    Hex/Summ       3%         N/A       41%         3
 Tukima's Dance           Hex            3%         N/A       41%         3
 Alistair's Intoxication  Tmut/Pois      2%         N/A       99%         5
 Blade Hands              Tmut           1%         N/A       99%         5
 Orb of Destruction       Conj           9%         9d6       100%        7
 Spellforged Servitor     Conj/Summ      5%         N/A       100%        7


Dungeon Overview and Level Annotations

Branches:
Dungeon (6/15)             Temple (1/1) D:4

Altars:
Cheibriados
Dithmenos
Fedhas
Gozag
Hepliaklqana
Kikubaaqudgha
Makhleb
Nemelex Xobeh
Okawaru
Ru
Sif Muna
Trog
Uskayaw
Vehumet
Wu Jian
Xom
Yredelemnul

Shops:
D:2 (


Innate Abilities, Weirdness & Mutations

You are partially covered in yellow scales. (AC +2)
You sometimes gain a little power by taking damage.
You have a tail ending in a sharp stinger.


Message History

You are very lightly contaminated with residual magic.
Nothing appears to happen.
The foxfire hits the troll.
The troll is lightly wounded.
The foxfire hits the troll.
The troll is lightly wounded.
Your foxfire dissipates!
Casting: Scorch (safe; 3% risk of failure)
Confirm with . or Enter, or press ? or * to list all spells.
Flames lash the troll.
The troll is moderately wounded.
The troll's fire resistance burns away.
You conjure some foxfire!
The troll bites you. The troll claws you!
You focus on the pain.
You feel your power returning. The troll claws you.
You conjure some foxfire!
The foxfire hits the troll.
The troll is burned terribly!
The troll is moderately wounded.
The foxfire hits the troll.
The troll is moderately wounded.
The troll bites you. The troll claws you. The troll closely misses you.
You conjure some foxfire!
The troll is no longer more vulnerable to fire.
The foxfire hits the troll!
The troll is heavily wounded.
The troll misses you. The troll claws you! The troll closely misses you.
Casting: Foxfire (safe; 2% risk of failure)
Confirm with . or Enter, or press ? or * to list all spells.
Flames lash the troll.
The troll is heavily wounded.
The troll's fire resistance burns away.
The foxfire hits the troll.
The troll is heavily wounded.
The foxfire hits the troll.
The troll is burned terribly!
The troll is severely wounded.
The troll barely misses you. The troll claws you! x2
* * * LOW HITPOINT WARNING * * *
Casting: Scorch (safe; 3% risk of failure)
Confirm with . or Enter, or press ? or * to list all spells.
Flames lash the troll.
The troll is burned terribly!
The troll is almost dead.
The troll bites you!
You die...

#...........#
#...........#
#...........#
#...........#
#.....(.....# #########
............# #.....T.#
............# #.# ###.#
............####T#.....#
.#######.#......@..# .#
#.#.#####ยง#.# .# #.#.#
..#.# .# #.#.# .... # .#
#.#[ ###### [#### #.#.
....# #.## ....# #<#
....####.#####


You could see a troll (combustible).

Vanquished Creatures
  An ice beast (D:5)
  A sky beast (D:6)
  A kobold brigand (D:4)
  3 scorpions
  A howler monkey (D:5)
  5 hounds
  2 jellies
  A gnoll bouda (D:4)
  3 sleepcaps
  An iguana (D:5)
  Robin (D:3)
  9 adders
  19 gnolls (D:4)
  3 worms (D:2)
  4 dart slugs
  20 orcs
  6 ball pythons
  10 bats
  7 endoplasms
  4 giant cockroaches
  16 goblins
  11 hobgoblins
  12 jackals (D:4)
  3 quokkas
  5 frilled lizards
  8 kobolds
  4 rats
161 creatures vanquished.

Vanquished Creatures (others)
  556 foxfires
556 creatures vanquished.

Grand Total: 717 creatures vanquished

Notes
Turn   | Place    | Note
-------+----------+-------------------------------------------
     0 | D:1      | javelincjr the Demonspawn Fire Elementalist began the quest
                  | for the Orb.
     0 | D:1      | Reached XP level 1. HP: 13/13 MP: 3/3
   330 | D:1      | Gained mutation: You have a small tail. [demonic ancestry]
   330 | D:1      | Reached XP level 2. HP: 19/19 MP: 0/5
  1409 | D:2      | Gained mutation: You are partially covered in yellow
                  | scales. (AC +2) [demonic ancestry]
  1409 | D:2      | Reached XP level 3. HP: 24/24 MP: 0/6
  1412 | D:2      | Learned a level 2 spell: Scorch
  1697 | D:2      | Found Zeron's Antique Weapon Boutique.
  2391 | D:3      | Gained mutation: You sometimes gain a little power by
                  | taking damage. [demonic ancestry]
  2391 | D:3      | Reached XP level 4. HP: 30/30 MP: 3/7
  3269 | D:3      | Noticed Robin
  3273 | D:3      | Reached XP level 5. HP: 35/35 MP: 0/9
  3319 | D:3      | Killed Robin
  3330 | D:3      | Upgraded the game from 0.30.0-15-g856e2d3f33 to
                  | 0.30.0-16-gbe6223bb7e
  3896 | D:4      | Found a blossoming altar of Fedhas.
  4108 | D:4      | Reached XP level 6. HP: 41/41 MP: 1/10
  4305 | D:4      | Found an opulent altar of Gozag.
  4707 | D:4      | Found a staircase to the Ecumenical Temple.
  4722 | Temple   | Entered the Ecumenical Temple
  5002 | D:4      | Found a shimmering altar of Xom.
  5476 | D:4      | Gained mutation: You have a tail ending in a sharp stinger.
                  | [demonic ancestry]
  5476 | D:4      | Reached XP level 7. HP: 22/46 MP: 1/12
  5759 | D:4      | Upgraded the game from 0.30.0-16-gbe6223bb7e to
                  | 0.30.0-17-ge0270778cf
  6358 | D:4      | Reached skill level 1 in Fighting
  6469 | D:5      | Entered Level 5 of the Dungeon
  6479 | D:5      | Reached skill level 1 in Short Blades
  6826 | D:5      | Reached XP level 8. HP: 30/55 MP: 1/14
  7002 | D:5      | Identified the ring "Uretug" {rPois rC+ Will- rCorr Int+3}
  7895 | D:6      | Found an ancient bone altar of Kikubaaqudgha.
  7901 | D:6      | Found a shimmering blue altar of Sif Muna.
  7902 | D:6      | Found a radiant altar of Vehumet.
  7909 | D:6      | Got Kikubaaqudgha's Atlas of Resurrection
  7918 | D:6      | Became a worshipper of Sif Muna the Loreminder
  7953 | D:6      | Noticed a troll
  7964 | D:6      | Slain by a troll

Illustrated notes

Levels and vault maps discovered:
D:1:      roderic_crossed_star, layout_basic
D:2:      kennysheep_big_flooded_room, layout_rooms, serial_shops,
          nicolae_shop_overgrown_old_shop
D:3:      minmay_spotlight, layout_loops_ring, uniq_robin
D:4:      lemuel_castle_with_subvaults [lemuel_castle_interior_carwin_3],
          layout_gridville, mainiacjoe_overflow_chevrons, lemuel_round_altar,
          tgw_xom, minmay_temple_entry_ruins
D:5:      layout_basic
D:6:      layout_basic, grunt_temple_overflow_magic_moments, serial_shops,
          nicolae_shop_hallway_stairs
Temple:   nicolae_temple_x_marks_the_god

Skill      XL: |  1  2  3  4  5  6  7  8 |
---------------+-------------------------+-----
Stealth        | 2 3 4 |  4.4
Dodging        | 2 3 4 |  4.0
Fire Magic     | 3 4 |  4.6
Conjurations   | 2 3 4 |  4.1
Spellcasting   | 3 4 |  4.3
Fighting       | 1 2 |  2.2
Short Blades   | 1 |  1.9

Action                     |  1- 3 |  4- 6 |  7- 9 || total
---------------------------+-------+-------+-------++-------
  Melee: Unarmed           |    18 |       |       ||    18
         Dagger            |    10 |    57 |    66 ||   133
         Punch             |     1 |       |     2 ||     3
         Tailslap          |       |    10 |    12 ||    22
   Cast: Foxfire           |   100 |   131 |   101 ||   332
         Scorch            |     1 |    27 |    31 ||    59
    Use: Scroll            |       |    10 |       ||    10
 Armour: Robe              |    11 |    26 |    11 ||    48
  Dodge: Dodged            |    26 |    58 |    42 ||   126
